 Dungeon Crawl Stone Soup version bcrawl-1.13.1 (webtiles) character file.

Game seed: 2162810800962651287

414 Revguard the Ducker (level 6, -9/44 HPs)
             Began as a Demonspawn Archaeologist on Aug 2, 2019.
             Killed by divine providence
             ... invoked by an orc priest
              (12 damage)
             ... on level 4 of the Dungeon.
             The game lasted 00:10:13 (4258 turns).

Revguard the Ducker (Demonspawn Archaeologist)      Turns: 4258, Time: 00:10:14

Health: -9/44      AC: 12    Str: 11    XL:     6   Next: 60%
Magic:  7/7        EV: 11    Int: 16    God:
Gold:   252        SH:  0    Dex: 13    Spells: 5/5 levels left

rFire    + . .     SeeInvis +   q - +4 dagger of Impermanence {pierce, Stlth+}
rCold    + . .     Gourm    .   (no shield)
rNeg     . . .     Faith    .   m - +1 scale mail
rPois    .         Spirit   .   c - +1 hat
rElec    .         Reflect  .   h - +0 cloak
rCorr    .         Harm     .   (no gloves)
MR       .....     Clarity  +   d - +1 pair of boots
Stlth    ++........             (no amulet)
HPRegen  0.14/turn              k - ring of see invisible
MPRegen  0.10/turn              n - ring of protection from fire

@: studying Long Blades, lightly drained
A: talons 1, clarity, cold resistance 1, mutation resistance 2, sturdy frame 1
a: no special abilities


You were on level 4 of the Dungeon.
You were not hungry.

You visited 1 branch of the dungeon, and saw 4 of its levels.

You collected 252 gold pieces.

Inventory:

Hand Weapons
 a - a +0 whip
 q - the +4 dagger of Impermanence (weapon) {pierce, Stlth+}
   (You found it on level 4 of the Dungeon)

   It inflicts extra damage upon your enemies.
   It makes you more stealthy.
Missiles
 y - a throwing net (quivered) {!f}
Armour
 c - a +1 hat (worn)
 d - a +1 pair of boots (worn)
 h - a +0 cloak (worn)
 m - a +1 scale mail (worn)
Jewellery
 k - a ring of see invisible (left hand)
 n - a ring of protection from fire (right hand)
Wands
 u - a wand of iceblast (5)
Scrolls
 l - 3 scrolls of teleportation
 p - a scroll of blinking
 s - a scroll of fear {unknown}
 t - a scroll of fog {unknown}
 x - a scroll of remove curse {unknown}
Potions
 b - a potion of haste
 i - 2 potions of magic
 j - a potion of resistance
 o - a potion of brilliance
Books
 e - a manual of Long Blades
Miscellaneous
 f - an ancient crate
Comestibles
 g - 10 rations {!d}
 r - 4 chunks of flesh


   Skills:
 + Level 2.1(1.9) Fighting
 * Level 2.5(2.3) Long Blades
 - Level 1.6(1.4) Maces & Flails
 * Level 3.3(3.1) Armour
 + Level 3.9(3.7) Dodging
 + Level 3.4(3.2) Stealth
 * Level 2.1(1.9) Evocations


You had 5 spell levels left.
You didn't know any spells.
Your spell library contained the following spells:

 Spells                   Type           Power        Failure   Level  Hunger
 Confuse                  Hex            #.......     92%         3    ####...
 Dazzling Spray           Conj/Hex       #.....       92%         3    ####...
 Petrify                  Tmut/Erth      #.......     100%        4    #####..
 Yara's Violent Unravell  Hex/Tmut       #.........   100%        4    #####..
 Metabolic Englaciation   Hex/Ice        #.........   100%        5    ######.
 Mana Rupture             Conj/Hex       #.........   100%        7    #######


Dungeon Overview and Level Annotations

Branches:
Dungeon (4/12)
 Temple: D:4-7

Altars:
Ashenzari
Wu Jian
Yredelemnul
Zin


Innate Abilities, Weirdness & Mutations

You have sharp toenails.
Your flesh is cold resistant. (rC+)
Your movements are slightly less encumbered by armour. (ER -2)
You possess an exceptional clarity of mind.
You are somewhat resistant to both further mutation and mutation removal.


Message History

Pain shoots through your body!
* * * LOW HITPOINT WARNING * * *
You completely miss the orc priest.
The orc priest is moderately wounded.
You hit the orc priest.
The orc priest is severely wounded.
The orc priest invokes the aid of Beogh against you.
Beogh smites you!
* * * LOW HITPOINT WARNING * * *
Okay, then.
You closely miss the orc priest.
The orc priest is severely wounded.
You closely miss the orc priest.
The orc priest is severely wounded.
The orc priest barely misses you.
You closely miss the orc priest.
The orc priest is severely wounded.
The orc priest invokes the aid of Beogh against you.
Beogh smites you!
You die...

###+###o. ......#
#....... ......# #......
......# #..... .....:#
#....######## ...$..#
#....##.....###......#
+###....##..............#
..##.....†..†.).o.......#
..#.........)...@.......#
..#............##.......#
..'............##########
..##............#
..##....#########
..##....##......#
..########......#
...'....†......##
..##...>........#


You could see an orc priest.

Vanquished Creatures
  A big kobold (D:3)
  A howler monkey (D:4)
  A crimson imp (D:4)
  A hound (D:4)
  2 worker ants (D:4)
  3 gnolls
  4 adders
  2 oozes
  A worm (D:2)
  2 dart slugs
  6 leopard geckos
  13 orcs
  3 giant cockroaches
  4 goblins
  12 hobgoblins
  9 jackals
  2 quokkas (D:2)
  2 bats
  4 frilled lizards
  12 kobolds
  5 rats
90 creatures vanquished.

Notes
Turn   | Place    | Note
-------+----------+-------------------------------------------
     0 | D:1      | Revguard the Demonspawn Archaeologist began the quest for
                  | the Orb.
     0 | D:1      | Reached XP level 1. HP: 15/15 MP: 1/1
     2 | D:1      | Noticed a merfolk
     2 | D:1      | Noticed a demigod
     4 | D:1      | Noticed an elf
     6 | D:1      | Noticed a tengu
     8 | D:1      | Noticed a spriggan
     8 | D:1      | Noticed a minotaur
    10 | D:1      | Noticed a vampire
    10 | D:1      | Noticed a centaur
    12 | D:1      | Noticed a dwarf
    14 | D:1      | Noticed a ghoul
    14 | D:1      | Noticed a gargoyle
    16 | D:1      | Noticed a halfling
    16 | D:1      | Noticed a vine stalker
    18 | D:1      | Noticed an octopode
    18 | D:1      | Noticed a demonspawn
    20 | D:1      | Noticed a troll
    20 | D:1      | Noticed a formicid
    22 | D:1      | Noticed a felid
    24 | D:1      | Noticed a draconian
    24 | D:1      | Noticed an ogre
    26 | D:1      | Noticed a human
    26 | D:1      | Noticed a naga
   194 | D:1      | Gained mutation: Your movements are slightly less
                  | encumbered by armour. (ER -2) [demonic ancestry]
   194 | D:1      | Reached XP level 2. HP: 17/21 MP: 2/2
   400 | D:1      | Reached skill level 1 in Maces & Flails
  1042 | D:2      | Reached XP level 3. HP: 26/26 MP: 3/3
  1157 | D:2      | Reached skill level 1 in Armour
  1506 | D:2      | Reached skill level 1 in Evocations
  1549 | D:2      | Found a glowing silver altar of Zin.
  1696 | D:2      | Reached XP level 4. HP: 32/32 MP: 4/4
  1831 | D:2      | Found a basalt altar of Yredelemnul.
  1831 | D:2      | Found an ornate altar of the Wu Jian Council.
  1832 | D:2      | Found a shattered altar of Ashenzari.
  1869 | D:2      | Gained mutation: You are covered in fur. (AC +1) [potion of
                  | mutation]
  1869 | D:2      | Gained mutation: You are weak. (Str -2) [potion of
                  | mutation]
  1869 | D:2      | Gained mutation: You are resistant to hostile enchantments.
                  | (MR+) [potion of mutation]
  1870 | D:2      | Lost mutation: You are resistant to hostile enchantments.
                  | (MR+) [potion of mutation]
  1870 | D:2      | Lost mutation: You are weak. (Str -2) [potion of mutation]
  1870 | D:2      | Lost mutation: You are covered in fur. (AC +1) [potion of
                  | mutation]
  1870 | D:2      | Gained mutation: You are somewhat resistant to further
                  | mutation. [potion of mutation]
  1870 | D:2      | Gained mutation: You are somewhat resistant to both further
                  | mutation and mutation removal. [potion of mutation]
  2104 | D:3      | Noticed a big kobold
  2158 | D:3      | HP: 1/32 [big kobold/+0 whip (3)]
  2211 | D:3      | Killed a big kobold
  2211 | D:3      | Reached skill level 1 in Long Blades
  2211 | D:3      | Gained mutation: Your flesh is cold resistant. (rC+)
                  | [demonic ancestry]
  2211 | D:3      | Reached XP level 5. HP: 6/37 MP: 4/6
  3451 | D:3      | Gained mutation: You possess an exceptional clarity of
                  | mind. [potion of mutation]
  3899 | D:4      | Got an iridescent dagger
  3901 | D:4      | Identified the +4 dagger of Impermanence {pierce, Stlth+}
                  | (You found it on level 4 of the Dungeon)
  3943 | D:4      | Gained mutation: You have sharp toenails. [demonic
                  | ancestry]
  3943 | D:4      | Reached XP level 6. HP: 36/44 MP: 7/7
  4255 | D:4      | HP: 2/44 [orc priest/divine providence (11)]
  4258 | D:4      | Killed from afar by an orc priest

Skill      XL: |  1  2  3  4  5  6 |
---------------+-------------------+-----
Dodging        | 3 |  3.9
Maces & Flails | 1 |  1.6
Armour         | 1 2 3 |  3.3
Evocations     | 1 2 |  2.1
Long Blades    | 1 2 |  2.5
Fighting       | 2 |  2.1
Stealth        | |  3.4

Action                   |  1- 3 |  4- 6 || total
-------------------------+-------+-------++-------
Melee: Whip              |   192 |   263 ||   455
       Dagger            |       |    70 ||    70
  Use: Scroll            |       |    11 ||    11
       Potion            |       |     8 ||     8
 Stab: Sleeping          |     5 |     2 ||     7
  Eat: Chunk             |     3 |     8 ||    11
Armor: Robe              |    17 |       ||    17
       Scale mail        |    54 |   163 ||   217
Dodge: Dodged            |   123 |   219 ||   342
